 Dungeon Crawl Stone Soup version 0.28.0-53-g5a82cb258f (webtiles) character file.

Game seed: 10717659650009428608

29583 Revguard the Fighter (level 13, -9/70 HPs)
             Began as a Vine Stalker Berserker on May 27, 2022.
             Was an Elder of Trog.
             Killed from afar by a war gargoyle (20 damage)
             ... with a spray of metal splinters
             ... on level 14 of the Dungeon.
             The game lasted 00:33:54 (11784 turns).

Revguard the Fighter (Vine Stalker Berserker)      Turns: 11784, Time: 00:33:55

Health: -9/70      AC: 22    Str: 29    XL:     13   Next: 46%
Magic:  0/14       EV: 13    Int:  7    God:    Trog [****..]
Gold:   821        SH:  0    Dex: 18    Spells: 12/12 levels left

rFire   . . .      SeeInvis .   A - +7 Singing Sword {vorpal, sonic wave}
rCold   . . .      Faith    .   (no shield)
rNeg    + . .      Spirit   +   G - +8 chain mail "Xirun" {Rampage Fly}
rPois   +          Reflect  .   b - +0 helmet
rElec   .          Harm     .   k - scarf {+Inv}
rCorr   .          Rampage  +   D - +1 pair of gloves
Will    +....      Clarity  +   (no boots)
Stlth   ..........              C - amulet of regeneration
HPRegen 1.81/turn               i - ring of positive energy
MPRegen 0.14/turn               l - +6 ring of strength

@: flying
A: fangs 3, regeneration 1, magic shield, antimagic bite, no potion heal 2,
hooves 1, clarity, poison resistance, strong 1
a: Renounce Religion, Evoke Invisibility, Berserk, Trog's Hand, Brothers in Arms


You were on level 14 of the Dungeon.
You worshipped Trog.
Trog was greatly pleased with you.
You visited 2 branches of the dungeon, and saw 15 of its levels.
You also visited: Sewer.

You collected 1105 gold pieces.
You spent 284 gold pieces at shops.

Inventory:

Hand Weapons
 x - a +2 antimagic broad axe
 A - the +7 Singing Sword (weapon) {vorpal, sonic wave}
   (You found it on level 11 of the Dungeon)

   It inflicts extra damage upon your enemies.
   It radiates damaging sonic waves as it strikes, especially in combat
   involving dangerous or numerous foes.
 J - a +5 battleaxe of protection
 P - a +1 scimitar of flaming
Missiles
 p - 3 throwing nets (quivered)
 I - 11 poisoned darts
Armour
 b - a +0 helmet (worn)
 k - a scarf of invisibility (worn)
 q - a +0 cloak
 D - a +1 pair of gloves (worn)
 F - the +1 ring mail "Joivoll" {rCorr}
   (You found it on level 7 of the Dungeon)

   rCorr:     It protects you from acid and corrosion.
 G - the +8 chain mail "Xirun" (worn) {Rampage Fly}
   (You found it on level 8 of the Dungeon)

   Fly:       It grants you flight.
   Rampage:   It bestows one free step when moving towards enemies.
Jewellery
 i - a ring of positive energy (left hand)
 l - a +6 ring of strength (right hand)
 B - a ring of see invisible
 C - an amulet of regeneration (around neck)
 H - a ring of flight
 N - a +6 ring of strength
Wands
 c - a wand of paralysis (4)
 v - a wand of flame (21)
 y - a wand of polymorph (11)
 K - a wand of mindburst (15)
 M - a wand of iceblast (12)
Scrolls
 a - a scroll of amnesia
 f - 3 scrolls of teleportation
 g - 2 scrolls of summoning
 j - a scroll of noise
 n - 4 scrolls of magic mapping
 r - a scroll of silence
 s - 2 scrolls of immolation
 u - 4 scrolls of fear
 L - 2 scrolls of identify
Potions
 d - 7 potions of flight
 e - 9 potions of curing
 h - 3 potions of might
 o - a potion of resistance
 t - 3 potions of lignification
 w - 4 potions of attraction
 z - 2 potions of haste
 E - 3 potions of mutation
 O - a potion of invisibility


   Skills:
 + Level 9.5 Fighting
 * Level 6.9 Long Blades
 - Level 8.1 Axes
 + Level 8.5 Armour
 + Level 8.5 Dodging
 + Level 9.2 Evocations


You had 12 spell levels left.
You didn't know any spells.
Your spell library was empty.

Dungeon Overview and Level Annotations

Branches:
Dungeon (14/15)            Temple (1/1) D:6            Lair (0/6) D:9
    Orc (0/2) D:11         Vaults (0/5) D:14          Sewer (visited)

Altars:
Ashenzari
Cheibriados
Dithmenos
Elyvilon
Fedhas
Gozag
Hepliaklqana
Kikubaaqudgha
Makhleb
Nemelex Xobeh
Okawaru
Qazlal
Ru
Sif Muna
Trog
Uskayaw
Vehumet
Wu Jian
Xom
Yredelemnul
Zin
The Shining One
Beogh
Lugonu

Shops:
D:3 !   D:8 =(   D:11 *   D:12 :


Innate Abilities, Weirdness & Mutations

You have razor-sharp teeth.
Your natural rate of healing is unusually fast.
When hurt, damage is shared between your health and your magic reserves.
Your bite disrupts and absorbs the magic of your enemies.
Potions cannot restore your health.
You have large cloven feet.
You possess an exceptional clarity of mind.
Your system is resistant to poisons. (rPois)
Your muscles are strong. (Str +2)


Message History

You hit the war gargoyle but do no damage.
The Singing Sword laughs, "I always appreciate a bleeding ovation!"
You send a blast of sound all around you.
The war gargoyle is blasted.
The war gargoyle is lightly damaged.
Your kick misses the war gargoyle.
You bite the war gargoyle, but do no damage.
The war gargoyle is lightly damaged.
You hear a deafening roar!
You hear a horrible gurgling sound!
You hear a roar!
You hear a shout!
You hear a screech!
You hear a shout! x5
You hear a horrible gurgling sound!
You hear a shout! x2; You hear a roar!
You hear a shout!
The war gargoyle hits you with a +0 morningstar! x2
* * * LOW HITPOINT WARNING * * *
Press: ? - help, v - describe, . - travel
Here: a war gargoyle, wielding a +0 morningstar (lightly damaged, catching its breath)
The floor.
You can't see any enemies this would affect, really read the scroll of fear?
Okay, then.
As you read the scroll of summoning, it crumbles to dust.
Wisps of shadow whirl around you...
The war gargoyle hits you with a +0 morningstar!
* * * LOW HITPOINT WARNING * * *
The war gargoyle launches metal splinters at you.
The spray of metal splinters hits you.
* * * LOW HITPOINT WARNING * * *
A purple ugly thing comes into view.
Your boulder beetle bites the war gargoyle!
Your boulder beetle bites the war gargoyle.
The war gargoyle hits you with a +0 morningstar.
* * * LOW HITPOINT WARNING * * *
Your boulder beetle barely misses the war gargoyle.
Your boulder beetle curls into a ball and begins rolling!
Aiming: Mindburst
Press: ? - help, Shift-Dir - straight line, f - war gargoyle
Aim: a war gargoyle, wielding a +0 morningstar (heavily damaged, ally target, chance to affect: 28%)
The war gargoyle easily resists.
The war gargoyle launches metal splinters at you.
The spray of metal splinters hits you!!
You die...

#....#.........
#...[#.........
##!###.........
#......(.......
...............
............... .......#
...........)... :......#
.#####################......#
.# ##.B9@...##......# .#
#TB#####).#......# .# #.##
##.#......# .# #.# #.#......#
.# '.# #.'......# .# .#.#
#.#......# .# #.#.#
#.#......# .# u #..
..#......# .# .. ##.
..##......#


You could see a war gargoyle (catching breath, ally target), 2 friendly boulder
beetles and a friendly troll (summoned).

Vanquished Creatures
  8 vault guards (D:14)
  2 hydras
  Harold (D:7)
  3 centaur warriors
  Erolcha (D:10)
  2 boulder beetles
  A tengu warrior (D:14)
  5 two-headed ogres
  11 slime creatures
  A deep elf pyromancer (D:12)
  An ugly thing (D:13)
  A manticore (D:11)
  2 cyclopes (D:14)
  2 komodo dragons
  An efreet (D:14)
  A tengu conjurer (D:14)
  The ghost of Peloso the Covered, an amateur MiFi of Okawaru (D:4)
  2 trolls
  Grinder (D:3)
  A hornet (D:7)
  3 wyverns
  2 wraiths (D:12)
  A shadow (D:10)
  17 yaks
  Eustachio (D:6)
  Duvessa (D:5)
  2 water moccasins
  3 acid dragons
  5 orc warriors
  A black bear (D:7)
  An ice beast (D:6)
  3 centaurs
  6 ogres
  A phantom (D:5)
  8 bullfrogs
  A wyvern zombie (D:6)
  6 scorpions
  2 water moccasin zombies (D:6)
  A water moccasin skeleton (D:5)
  Dowan (D:5)
  10 killer bees
  4 wights (D:9)
  2 electric eels (D:8)
  2 howler monkeys
  2 bullfrog zombies (D:6)
  7 centaur zombies
  A centaur skeleton (D:5)
  3 hounds
  5 jellies
  9 orc priests
  3 iguanas
  8 orc wizards
  A hound zombie (D:5)
  3 howler monkey zombies
  6 river rats
  21 adders
  A howler monkey skeleton (D:6)
  2 white imps (D:7)
  2 worms
  3 dart slugs
  52 orcs
  3 endoplasms
  3 giant cockroaches
  4 goblins
  4 hobgoblins
  7 jackals
  2 quokkas
  9 ball pythons
  16 bats
  4 frilled lizards
  8 kobolds
321 creatures vanquished.

Vanquished Creatures (others)
  48 fungi
  21 plants
69 creatures vanquished.

Grand Total: 390 creatures vanquished

Notes
Turn   | Place    | Note
-------+----------+-------------------------------------------
     0 | D:1      | Revguard the Vine Stalker Berserker began the quest for the
                  | Orb.
     0 | D:1      | Reached XP level 1. HP: 11/11 MP: 2/2
   267 | D:1      | Reached XP level 2. HP: 13/16 MP: 3/3
   894 | D:1      | Found a faded altar of an unknown god.
  1210 | D:2      | Reached XP level 3. HP: 19/19 MP: 4/4
  1261 | D:2      | Reached ** piety under Trog
  1506 | D:2      | Reached skill level 1 in Evocations
  1675 | D:2      | Gained mutation: Your natural rate of healing is unusually
                  | fast. [Vine Stalker growth]
  1675 | D:2      | Reached XP level 4. HP: 24/24 MP: 5/5
  2157 | D:3      | Found Taetueg's Distillery.
  2213 | D:3      | Noticed Grinder
  2214 | D:3      | Paralysed by Grinder for 2 turns
  2226 | D:3      | Killed Grinder
  2227 | D:3      | Reached XP level 5. HP: 29/29 MP: 4/6
  2227 | D:3      | Reached XP level 6. HP: 33/33 MP: 4/7
  2272 | D:3      | Found a glowing drain.
  2286 | Sewer    | Entered a sewer
  2724 | Sewer    | Reached XP level 7. HP: 36/37 MP: 8/8
  3010 | D:3      | Found a broken altar of Ashenzari.
  3121 | D:3      | Reached *** piety under Trog
  3225 | D:3      | Found a sparkling altar of Nemelex Xobeh.
  3706 | D:4      | Found a runed translucent door.
  3710 | D:4      | Noticed Peloso's ghost (amateur MiFi)
  4006 | D:4      | Found a hide-covered altar of Uskayaw.
  4237 | D:4      | Found an ancient bone altar of Kikubaaqudgha.
  4238 | D:4      | Found a radiant altar of Vehumet.
  4240 | D:4      | Found a shimmering blue altar of Sif Muna.
  4327 | D:4      | Killed Peloso's ghost
  4328 | D:4      | Gained mutation: You have razor-sharp teeth. [Vine Stalker
                  | growth]
  4328 | D:4      | Reached XP level 8. HP: 42/42 MP: 5/9
  4370 | D:5      | Entered Level 5 of the Dungeon
  4371 | D:5      | Noticed Dowan
  4372 | D:5      | Noticed Duvessa
  4384 | D:5      | Killed Dowan
  4385 | D:5      | Killed Duvessa
  4430 | D:5      | Gained mutation: You have hidden genetic potential. [potion
                  | of mutation]
  4430 | D:5      | Gained mutation: Your body sometimes deteriorates upon
                  | taking damage. [potion of mutation]
  4430 | D:5      | Gained mutation: Your system is resistant to poisons.
                  | (rPois) [potion of mutation]
  4431 | D:5      | Lost mutation: Your body sometimes deteriorates upon taking
                  | damage. [potion of mutation]
  4431 | D:5      | Lost mutation: Your system is resistant to poisons. (rPois)
                  | [potion of mutation]
  4431 | D:5      | Gained mutation: You have large cloven feet. [potion of
                  | mutation]
  4431 | D:5      | Gained mutation: You possess an exceptional clarity of
                  | mind. [potion of mutation]
  4674 | D:5      | Reached skill level 5 in Axes
  4683 | D:5      | Reached skill level 5 in Fighting
  4779 | D:5      | Found a hazy altar of Hepliaklqana.
  4796 | D:5      | Found a glowing silver altar of Zin.
  4912 | D:5      | Found an ornate altar of the Wu Jian Council.
  5050 | D:6      | Noticed Eustachio
  5060 | D:6      | Killed Eustachio
  5061 | D:6      | Reached XP level 9. HP: 47/47 MP: 10/10
  5149 | D:6      | Gained mutation: Your muscles are strong. (Str +2) [hidden
                  | potential]
  5199 | D:6      | Found a basalt altar of Yredelemnul.
  5409 | D:6      | Found an opulent altar of Gozag.
  5453 | D:6      | Found a staircase to the Ecumenical Temple.
  5461 | Temple   | Entered the Ecumenical Temple
  5642 | D:6      | Reached skill level 5 in Evocations
  6039 | D:6      | Found an iron altar of Okawaru.
  6269 | D:7      | Identified the +1 ring mail "Joivoll" {rCorr}
  6294 | D:7      | Noticed a hornet
  6302 | D:7      | Killed a hornet
  6303 | D:7      | Reached skill level 5 in Armour
  6303 | D:7      | Reached skill level 5 in Dodging
  6442 | D:7      | Reached **** piety under Trog
  6497 | D:7      | Noticed Harold
  6512 | D:7      | Killed Harold
  6513 | D:7      | Reached XP level 10. HP: 34/53 MP: 5/11
  6516 | D:7      | Gained mutation: Your system is resistant to poisons.
                  | (rPois) [hidden potential]
  6516 | D:7      | Lost mutation: You have hidden genetic potential. [hidden
                  | potential expressed]
  6834 | D:8      | Identified the +8 chain mail "Xirun" {Rampage Fly}
  7009 | D:8      | Noticed a two-headed ogre
  7013 | D:8      | Killed a two-headed ogre
  7027 | D:8      | Found Jumn's Weapon Shoppe.
  7036 | D:8      | Bought a +2 battleaxe of freezing for 284 gold pieces
  7725 | D:8      | Found Zocwimumui's Jewellery Boutique.
  8210 | D:9      | Found a staircase to the Lair.
  8216 | D:9      | Reached XP level 11. HP: 58/58 MP: 10/12
  8279 | D:9      | Found a stormy altar of Qazlal.
  8441 | D:9      | Found a glowing golden altar of the Shining One.
  8690 | D:10     | Entered Level 10 of the Dungeon
  8690 | D:10     | Noticed Erolcha
  8695 | D:10     | Killed Erolcha
  8852 | D:10     | Found a shimmering altar of Xom.
  9326 | D:11     | Noticed a two-headed ogre
  9331 | D:11     | Killed a two-headed ogre
  9406 | D:11     | Reached ***** piety under Trog
  9494 | D:11     | Noticed a manticore
  9508 | D:11     | Killed a manticore
  9618 | D:11     | Found Bilawn's Serpentskin Sales.
  9756 | D:11     | Received a gift from Trog
  9893 | D:11     | Found the +7 Singing Sword {vorpal, sonic wave}
 10142 | D:11     | Found a staircase to the Orcish Mines.
 10179 | D:11     | Reached skill level 1 in Long Blades
 10241 | D:12     | Noticed a four-headed hydra
 10242 | D:12     | Noticed a two-headed ogre
 10253 | D:12     | Reached XP level 12. HP: 65/65 MP: 10/13
 10258 | D:12     | Killed a two-headed ogre
 10261 | D:12     | Killed a six-headed hydra
 10522 | D:12     | Noticed a two-headed ogre
 10528 | D:12     | Killed a two-headed ogre
 10736 | D:12     | Found Setenycw's Book Shoppe.
 10768 | D:13     | Noticed a boulder beetle
 10781 | D:13     | Killed a boulder beetle
 10818 | D:13     | Noticed a centaur warrior
 10833 | D:13     | Killed a centaur warrior
 10840 | D:13     | Noticed a centaur warrior
 10844 | D:13     | Noticed a two-headed ogre
 10848 | D:13     | Killed a centaur warrior
 10856 | D:13     | Killed a two-headed ogre
 11041 | D:13     | Identified the +1 chain mail of a ziggurat {Rampage Str+4
                  | Int+4}
 11299 | D:14     | Found a gate to the Vaults.
 11299 | D:14     | Noticed a vault guard
 11299 | D:14     | Noticed a vault guard
 11299 | D:14     | Noticed a vault guard
 11299 | D:14     | Noticed a vault guard
 11300 | D:14     | Noticed a vault guard
 11300 | D:14     | Noticed a vault guard
 11300 | D:14     | Noticed a vault guard
 11300 | D:14     | Noticed a vault guard
 11305 | D:14     | Killed a vault guard
 11306 | D:14     | Reached skill level 5 in Long Blades
 11307 | D:14     | Killed a vault guard
 11310 | D:14     | Killed a vault guard
 11310 | D:14     | Killed a vault guard
 11310 | D:14     | Killed a vault guard
 11311 | D:14     | Reached XP level 13. HP: 70/70 MP: 12/14
 11313 | D:14     | Killed a vault guard
 11314 | D:14     | Killed a vault guard
 11316 | D:14     | Killed a vault guard
 11775 | D:14     | Noticed a war gargoyle
 11784 | D:14     | Killed from afar by a war gargoyle

Illustrated notes

Levels and vault maps discovered:
D:1:      mrwooster_arrival_statue_3, layout_rooms,
          shapermc_ecumenical_altar_hornbeckon, chequers_garden,
          corner_web_ring, nrook_mini_vaults
D:2:      layout_loops_corners
D:3:      layout_basic, lemuel_coloured_pillars_altar,
          nicolae_ashenzari_panopticon, cheibrodos_sewer_entry_sluice,
          serial_shops, shop, uniq_grinder
D:4:      layout_loops_ring, grunt_temple_overflow_magic_moments,
          nicolae_uskayaw_dance_hall, ebering_ghost_sewer_d,
          kennysheep_cross_room, minmay_surrounded
D:5:      layout_rooms, mainiacjoe_overflow_big_doors,
          nzn_wu_jian_contemplation, minmay_bent, uniq_duvessa
D:6:      layout_gridville, overflow_temple_1_default, kennysheep_little_box,
          nicolae_yredelemnul_corpse_copse, minmay_temple_entry_gardened_gates,
          minmay_misc_feat_more_columns, uniq_eustachio
D:7:      layout_basic, uniq_harold
D:8:      layout_basic, serial_shops, shop, shop, water_boxes_lemuel
D:9:      layout_long_grid, mainiacjoe_overflow_chevrons, lemuel_doored_altar,
          due_lair_maze_entry_diamond, special_room [special_room_orc]
D:10:     layout_loops_ring, xom_teletrap_fun, uniq_erolcha
D:11:     old_forge, layout_gridville, orc_0_dummy, guppyfry_shop_venom
D:12:     layout_rooms, serial_shops, shop_fountains
D:13:     layout_rooms
D:14:     minmay_the_grid_3x2 [minmay_the_grid_pillar_ring,
          minmay_the_grid_box_x, minmay_the_grid_eight,
          minmay_the_grid_holed_spiral, minmay_the_grid_dragon_b,
          minmay_the_grid_prize_four_corners], layout_irregular_city,
          erik_vaults_2, hangedman_decor_diamond_cutter
Temple:   corrupted_temple

Skill      XL: |  1  2  3  4  5  6  7  8  9 10 11 12 13 |
---------------+----------------------------------------+-----
Evocations     | 1 2 3 4 5 6 7 8 9 |  9.2
Fighting       | 3 4 5 6 7 8 9 |  9.5
Axes           | 3 4 5 6 7 8 |  8.1
Armour         | 2 3 4 5 6 7 8 |  8.5
Dodging        | 2 3 4 5 6 7 8 |  8.5
Long Blades    | 1 5 6 |  6.9

Action                   |  1- 3 |  4- 6 |  7- 9 | 10-12 | 13-15 || total
-------------------------+-------+-------+-------+-------+-------++-------
Melee: Hand axe          |    77 |   154 |   265 |    12 |       ||   508
       Bite              |    18 |    35 |    91 |    98 |    16 ||   258
       Punch             |     1 |       |     6 |     1 |     1 ||     9
       Kick              |       |       |    84 |   113 |    17 ||   214
       Battleaxe         |       |       |       |   198 |       ||   198
       Double sword      |       |       |       |    84 |    46 ||   130
Invok: Berserk           |       |     2 |     5 |    10 |       ||    17
       Trog's Hand       |       |     1 |     5 |    10 |       ||    16
       Brothers in Arms  |       |       |       |     1 |       ||     1
Evoke: Wand              |       |       |       |       |     6 ||     6
  Use: Scroll            |       |       |     9 |    14 |     2 ||    25
       Potion            |       |       |     2 |     2 |       ||     4
Armor: Animal skin       |    16 |     1 |       |       |       ||    17
       Leather armour    |       |     5 |    38 |       |       ||    43
       Ring mail         |       |    99 |     4 |       |       ||   103
       Chain mail        |       |       |    80 |   249 |    39 ||   368
Dodge: Dodged            |    71 |   205 |   173 |   262 |    38 ||   749
